 Dungeon Crawl Stone Soup version 0.30-a0-528-g8c47a4955b (webtiles) character file.

Game seed: 12749111776056876635

56 arthad the Insei (level 3, -1/28 HPs)
             Began as a Gnoll Transmuter on Dec 23, 2022.
             Slain by a goblin
             ... wielding a +0 club
              (2 damage)
             ... on level 2 of the Dungeon.
             The game lasted 00:02:37 (1162 turns).

arthad the Insei (Gnoll Transmuter)                 Turns: 1162, Time: 00:02:37

Health: -1/28      AC:  2    Str:  9    XL:     3   Next: 95%
Magic:  9/9        EV: 13    Int: 14    God:
Gold:   40         SH:  0    Dex: 12    Spells: 11/12 levels left

rFire   . . .      SeeInvis +      - Unarmed
rCold   . . .      Faith    .    (no shield)
rNeg    . . .      Spirit   .    a - +0 robe
rPois   .          Reflect  .    (helmet currently unavailable)
rElec   .          Harm     .    (no cloak)
rCorr   .          Rampage  .    (no gloves)
Will    .....                    (boots currently unavailable)
Stlth   ++                       (no amulet)
HPRegen 0.24/turn                p - ring of see invisible
MPRegen 0.11/turn                (no ring)

@: appendages
A: horns 2, talons 2, fangs 1, strong nose, distributed training
a: End Transformation


You were on level 2 of the Dungeon.
You had temporarily grown beastly horns and talons.
You visited 1 branch of the dungeon, and saw 2 of its levels.

You collected 40 gold pieces.

Inventory:

Hand Weapons
 s - a +1 hammer of holy wrath
Missiles
 i - 5 datura-tipped darts
Armour
 a - a +0 robe (worn)
 f - a +0 helmet
 h - a +0 tower shield
Jewellery
 p - a ring of see invisible (left hand)
Scrolls
 c - a scroll of noise {unknown}
 g - 4 scrolls of teleportation {unknown}
 j - a scroll of blinking {unknown}
 m - a scroll of magic mapping {unknown}
 n - a scroll of vulnerability {unknown}
 o - a scroll of immolation {unknown}
 t - a scroll of identify {unknown}
Potions
 b - 2 potions of lignification
 d - 2 potions of magic {unknown}
 e - a potion of mutation {unknown}
 k - a potion of flight {unknown}
 l - a potion of curing {unknown}
 q - a potion of heal wounds {unknown}
 r - a potion of might


   Skills:
 + Level 2.7 Fighting
 + Level 1.0 Short Blades
 + Level 1.0 Long Blades
 + Level 1.0 Axes
 + Level 1.0 Maces & Flails
 + Level 1.0 Polearms
 + Level 1.0 Staves
 + Level 1.0 Ranged Weapons
 + Level 1.0 Throwing
 + Level 1.0 Armour
 + Level 4.6 Dodging
 + Level 1.0 Stealth
 + Level 1.0 Shields
 + Level 6.5 Unarmed Combat
 + Level 5.0 Spellcasting
 + Level 0.7 Conjurations
 + Level 0.7 Hexes
 + Level 0.7 Summonings
 + Level 0.7 Necromancy
 + Level 0.7 Translocations
 + Level 3.8 Transmutations
 + Level 0.7 Fire Magic
 + Level 0.7 Ice Magic
 + Level 0.7 Air Magic
 + Level 0.7 Earth Magic
 + Level 0.7 Poison Magic
 + Level 1.1 Invocations
 + Level 1.0 Evocations


You had 11 spell levels left.
You knew the following spells:

 Your Spells              Type           Power      Damage    Failure   Level
a - Beastly Appendage     Tmut           28%        N/A       3%          1

Your spell library contained the following spells:

 Spells                   Type           Power      Damage    Failure   Level
 Wereblood                Tmut           14%        N/A       5%          2
 Passwall                 Tmut/Erth      7%         N/A       11%         2
 Ensorcelled Hibernation  Hex/Ice        10%        N/A       19%         2
 Spider Form              Tmut/Pois      9%         N/A       21%         3
 Swiftness                Air            5%         N/A       36%         3
 Ice Form                 Ice/Tmut       9%         N/A       56%         4


Dungeon Overview and Level Annotations

Branches:
Dungeon (2/15)

Altars:

Annotations:
D:2 1 runed translucent door, Crazy Yiuf, Natasha, Terence


Innate Abilities, Weirdness & Mutations

You have temporarily grown beastly horns and talons.
You have very sharp teeth.
Your uncanny sense of smell can sniff out nearby items.
Your experience applies equally to all skills.


Message History

Found a scroll labelled PIC ZICVIEPT.
The hobgoblin shouts!
A hobgoblin is nearby!
Casting: Beastly Appendage (safe; 3% risk of failure)
Press: ? - help, Q - select action, (/) - cycle Dir - look around, f - activate You grow a pair of large bovine horns.
Your feet morph into talons.
Terence the Incautious comes into view.
He is wielding a +0 mace of holy wrath.
A goblin comes into view. It is wielding a +0 club.
Terence shouts!
You hear an angry hiss.
Natasha, Servant of Life and Death comes into view.
The goblin shouts!
You hit the hobgoblin. You claw the hobgoblin.
The hobgoblin is heavily wounded.
An endoplasm comes into view.
The hobgoblin barely misses you.
You hit the hobgoblin but do no damage. Your bite misses the hobgoblin.
The hobgoblin is heavily wounded.
Natasha drinks a potion.
Natasha's spells are empowered!
You hit the hobgoblin but do no damage. You claw the hobgoblin.
You kill the hobgoblin!
Natasha mumbles some strange words.
Terence drinks a potion.
Terence seems to grow stronger.
Terence closely misses you. The goblin completely misses you.
You hit Terence but do no damage. Your headbutt misses Terence.
Terence closely misses you. The goblin barely misses you. Natasha claws you.
You hit Terence but do no damage. You headbutt Terence.
Terence is lightly wounded.
Terence hits you with a +0 mace of holy wrath!
Ouch! That really hurt!
* * * LOW HITPOINT WARNING * * *
The goblin closely misses you. Natasha claws you.
* * * LOW HITPOINT WARNING * * *
You are too injured to fight recklessly!
You are too injured to fight recklessly!
You are too injured to fight recklessly!
You are too injured to fight recklessly!
Natasha attacks as you move away! Natasha claws you.
* * * LOW HITPOINT WARNING * * *
The goblin attacks as you move away! The goblin hits you with a +0 club.
You die...

#.#.# ∆
#.#.########
#?#.........
..#......... ###
#.#......... ..#
#.#.........
#.##
#.###.#..@......
#..#
#.......@gJ.....
##.#
#####.#..h5.....
#.##
#.#.........
#..#
#.#.......^.
###.#
#.#.........
....#
#.#.........
....####
#.#.........
.......#
#.##########
....##.# #.#


You could see Terence (strong), an iron imp (summoned), Natasha (empowered), an
endoplasm and a goblin.

Vanquished Creatures
  3 adders (D:2)
  A worm (D:2)
  A dart slug (D:1)
  A bat (D:1)
  An endoplasm (D:2)
  A giant cockroach (D:2)
  4 goblins (D:1)
  3 hobgoblins
  4 ball pythons
  3 frilled lizards (D:1)
  4 kobolds (D:1)
26 creatures vanquished.

Vanquished Creatures (others)
  2 fungi (D:2)
2 creatures vanquished.

Grand Total: 28 creatures vanquished

Notes
Turn   | Place    | Note
-------+----------+-------------------------------------------
     0 | D:1      | arthad the Gnoll Transmuter began the quest for the Orb.
     0 | D:1      | Reached XP level 1. HP: 17/17 MP: 6/6
   261 | D:1      | Reached XP level 2. HP: 23/23 MP: 5/7
   735 | D:2      | Reached skill level 5 in Spellcasting
   735 | D:2      | Reached XP level 3. HP: 20/28 MP: 6/9
   827 | D:2      | Reached skill level 1 in Invocations
   959 | D:2      | Reached skill level 1 in Short Blades
   959 | D:2      | Reached skill level 1 in Long Blades
   959 | D:2      | Reached skill level 1 in Axes
   959 | D:2      | Reached skill level 1 in Maces & Flails
   959 | D:2      | Reached skill level 1 in Polearms
   959 | D:2      | Reached skill level 1 in Staves
   959 | D:2      | Reached skill level 1 in Ranged Weapons
   959 | D:2      | Reached skill level 1 in Throwing
   959 | D:2      | Reached skill level 1 in Armour
   959 | D:2      | Reached skill level 1 in Stealth
   959 | D:2      | Reached skill level 1 in Shields
   959 | D:2      | Reached skill level 1 in Evocations
   997 | D:2      | Found a runed translucent door.
   998 | D:2      | Noticed Crazy Yiuf
  1153 | D:2      | Noticed Terence
  1154 | D:2      | Noticed Natasha
  1162 | D:2      | HP: 1/28 [Natasha (4)]
  1162 | D:2      | Slain by a goblin

Illustrated notes

Levels and vault maps discovered:
D:1:      amcnicky_arrival_abandoned_market, layout_basic
D:2:      layout_basic, uniq_natasha, uniq_terence, uniq_crazy_yiuf_cottage

Skill      XL: |  1  2  3 |
---------------+----------+-----
Spellcasting   | 5 |  5.0
Invocations    | 1 |  1.1
Short Blades   | 1 |  1.0
Long Blades    | 1 |  1.0
Axes           | 1 |  1.0
Maces & Flails | 1 |  1.0
Polearms       | 1 |  1.0
Staves         | 1 |  1.0
Ranged Weapons | 1 |  1.0
Throwing       | 1 |  1.0
Armour         | 1 |  1.0
Stealth        | 1 |  1.0
Shields        | 1 |  1.0
Evocations     | 1 |  1.0
Fighting       | |  2.7
Dodging        | |  4.6
Unarmed Combat | |  6.5
Conjurations   | |  0.7
Hexes          | |  0.7
Summonings     | |  0.7
Necromancy     | |  0.7
Translocations | |  0.7
Transmutations | |  3.8
Fire Magic     | |  0.7
Ice Magic      | |  0.7
Air Magic      | |  0.7
Earth Magic    | |  0.7
Poison Magic   | |  0.7

Action                   || total
-------------------------++-------
Melee: Unarmed           ||    84
       Kick              ||    14
       Headbutt          ||    10
       Bite              ||     7
       Punch             ||     3
 Cast: Beastly Appendage ||    13
Armor: Robe              ||    12
Dodge: Dodged            ||    49

Table legend: (Time is in decaauts)
 A = Elapsed time spent in this place.
 B = Non-inter-level travel time spent in this place.
 C = Inter-level travel time spent in this place.
 D = Time resting spent in this place.
 E = Time spent auto-exploring this place.
 F = Levels seen in this place.
 G = Mean time per level.
                   A        B        C        D        E       F      G
               +--------+--------+--------+--------+--------+-----+--------+
         Total |   1151 |   1124 |     27 |      0 |    913 |   2 |  575.5 |
       Dungeon |   1151 |   1124 |     27 |      0 |    913 |   2 |  575.5 |
               +--------+--------+--------+--------+--------+-----+--------+

Top non-repeatable levels by time:
     D:1: 722 daAuts
     D:2: 428 daAuts
